 Dungeon Crawl Stone Soup version 0.26.1-11-gd32895ea62 (webtiles) character file.

Game seed: 17759626579542915708

507 H0rd4k the Charlatan (level 7, -2/51 HPs)
             Began as a Human Artificer on Apr 14, 2021.
             Was an Initiate of Gozag.
             Slain by a white imp (4 damage)
             ... on level 5 of the Dungeon.
             The game lasted 00:05:46 (5804 turns).

H0rd4k the Charlatan (Human Artificer)              Turns: 5804, Time: 00:05:47

Health: -2/51      AC:  9    Str: 15    XL:     7   Next: 42%
Magic:  16/16      EV: 13    Int: 11    God:    Gozag
Gold:   604        SH:  0    Dex: 13    Spells: 6/6 levels left

rFire    . . .     SeeInvis .   l - +1 dagger (venom)
rCold    . . .     Faith    .   (no shield)
rNeg     . . .     Spirit   .   b - +0 leather armour
rPois    .         Reflect  .   (no helmet)
rElec    .         Harm     .   (no cloak)
rCorr    .         Rampage  .   (no gloves)
Will     .....                  s - +1 pair of boots
Stlth    ++........             (no amulet)
HPRegen  0.17/turn              g - ring of magical power
MPRegen  0.15/turn              x - +4 ring of protection

@: no status effects
A: no striking features
a: Renounce Religion, Potion Petition, Call Merchant, Bribe Branch


You were on level 5 of the Dungeon.
You worshipped Gozag.
Gozag was pleased with you.
You visited 1 branch of the dungeon, and saw 5 of its levels.

You collected 621 gold pieces.
You paid 17 gold pieces to Gozag.

Inventory:

Hand Weapons
 h - a +0 short sword
 l - a +1 dagger of venom (weapon)
 o - a +4 dagger
Missiles
 y - 6 curare-tipped darts
Armour
 b - a +0 leather armour (worn)
 s - a +1 pair of boots (worn)
Jewellery
 g - a ring of magical power (left hand)
 x - a +4 ring of protection (right hand)
Wands
 c - a wand of flame (25) (quivered)
 d - a wand of enslavement (11)
 e - a wand of random effects (54)
Scrolls
 k - a scroll of enchant armour {unknown}
 m - 2 scrolls of magic mapping
 n - 6 scrolls of remove curse
 r - 2 scrolls of fog {unknown}
 t - a scroll of amnesia {unknown}
 u - 2 scrolls of teleportation {unknown}
 v - a scroll of noise {unknown}
 w - a scroll of immolation {unknown}
Potions
 a - 3 potions of curing
 f - a potion of cancellation {unknown}
 i - a potion of mutation {unknown}
 j - 2 potions of brilliance {unknown}
 p - 3 potions of degeneration {unknown}
 q - 2 potions of ambrosia
 z - a potion of heal wounds {unknown}
 A - a potion of magic {unknown}


   Skills:
 + Level 2.5 Fighting
 + Level 3.7 Short Blades
 + Level 3.6 Armour
 + Level 3.0 Dodging
 + Level 2.6 Stealth
 + Level 3.9 Evocations


You had 6 spell levels left.
You didn't know any spells.
Your spell library contained the following spells:

 Spells                   Type           Power        Failure   Level
 Magic Dart               Conj           0%           41%         1
 Blink                    Tloc           N/A          54%         2
 Call Imp                 Summ           0%           54%         2
 Slow                     Hex            0%           54%         2
 Conjure Flame            Conj/Fire      0%           78%         3
 Mephitic Cloud           Conj/Pois/Air  0%           78%         3


Dungeon Overview and Level Annotations

Branches:
Dungeon (5/15)
 Temple: D:4-7

Altars:
Gozag
Hepliaklqana
Qazlal
Xom

Annotations:
D:4 exclusion: phantom


Message History

The centaur closely misses you.
You hit the centaur.
The centaur is heavily wounded.
The centaur misses you.
The white imp shouts, "Get thee gone, thou craven fool-born efter!"
The white imp gestures at you. The puff of frost hits you!
* * * LOW HITPOINT WARNING * * *
Aiming: Enslavement
Press: ? - help, Shift-Dir - straight line, f - centaur
Aim: a centaur, quivering 14 arrows (heavily wounded, extremely poisoned, chance to affect: 57%)
The centaur is charmed.
The white imp gestures at you. The puff of frost hits you!
* * * LOW HITPOINT WARNING * * *
Aiming: Enslavement
Press: ? - help, Shift-Dir - straight line, p - centaur The white imp struggles to resist.
The white imp hits you.
You die...
Your body crumbles into a pile of gold.

#>...........###.
#....5
.####.......##
#.....
##....[....#
#.....
....#...<...#
#.#Z##
............# ..
#. .........####
# <
###..##.(.#######
.
...##...........
##
#####....@.......
#....5c.......
#.........[...
#.............
#.............
#.............
#.............
##............ $


You could see a white imp and a friendly centaur (charmed, extremely poisoned).

Vanquished Creatures
  A sky beast (D:5)
  A bullfrog (D:4)
  An orc wizard (D:4)
  A bullfrog skeleton (D:4)
  An iguana (D:5)
  A gnoll (D:2)
  2 worker ants (D:4)
  A hound zombie (D:5)
  2 hound skeletons (D:4)
  3 adders
  An ooze (D:2)
  A worm (D:2)
  2 dart slugs
  6 leopard geckos
  16 orcs
  3 ball pythons
  4 giant cockroaches
  7 hobgoblins
  4 jackals (D:3)
  8 kobolds
  2 quokkas
  6 bats
  4 frilled lizards
  7 goblins
  3 rats
88 creatures vanquished.

Vanquished Creatures (collateral kills)
  A gnoll (D:2)
  A rat (D:2)
2 creatures vanquished.

Vanquished Creatures (others)
  A gnoll (D:2)
1 creature vanquished.

Grand Total: 91 creatures vanquished

Notes
Turn   | Place    | Note
-------+----------+-------------------------------------------
     0 | D:1      | H0rd4k the Human Artificer began the quest for the Orb.
     0 | D:1      | Reached XP level 1. HP: 15/15 MP: 1/1
   126 | D:1      | Reached XP level 2. HP: 7/21 MP: 2/2
   624 | D:1      | Reached XP level 3. HP: 26/26 MP: 3/3
   911 | D:2      | Found an opulent altar of Gozag.
   942 | D:2      | Became a worshipper of Gozag Ym Sagoz the Greedy
   959 | D:2      | HP: 1/26 [gnoll/stone (4)]
  1354 | D:2      | Reached skill level 1 in Short Blades
  1354 | D:2      | Reached XP level 4. HP: 32/32 MP: 4/4
  1416 | D:2      | Found a hazy altar of Hepliaklqana.
  2084 | D:2      | Found a shimmering altar of Xom.
  2098 | D:2      | Reached XP level 5. HP: 11/37 MP: 5/5
  2519 | D:2      | Found a stormy altar of Qazlal.
  3768 | D:3      | Found an opulent altar of Gozag.
  4180 | D:4      | Reached XP level 6. HP: 23/44 MP: 6/6
  5115 | D:4      | Noticed a phantom
  5406 | D:4      | Reached XP level 7. HP: 39/50 MP: 7/7
  5663 | D:5      | Entered Level 5 of the Dungeon
  5803 | D:5      | HP: 2/51 [white imp/puff of frost (7)]
  5804 | D:5      | Slain by a white imp

Illustrated notes

Levels and vault maps discovered:
D:1:      lightli_arrival_statuegarden, layout_basic, minmay_misc_feat_columns
D:2:      layout_basic, lemuel_coloured_pillars_altar, xom_butterflies,
          nzn_hepliaklqana_mist_gate, lemuel_doored_altar,
          minmay_strange_pillars, bh_walls_and_bars
D:3:      layout_loops_cross, nicolae_gozag_cash_rules_everything_around_me
D:4:      layout_basic, minmay_quantized
D:5:      layout_rooms, overflow_temple_1_default, corexii_hall_statues_x,
          grunt_ministairs_15, mrwooster_statue_mirror,
          yredelemnul_altar_generic, uniq_blork_the_orc

Skill      XL: |  1  2  3  4  5  6  7 |
---------------+----------------------+-----
Short Blades   | 1 2 3 |  3.7
Dodging        | 2 3 |  3.0
Fighting       | 2 |  2.5
Stealth        | 2 |  2.6
Armour         | 3 |  3.6
Evocations     | |  3.9

Action                   |  1- 3 |  4- 6 |  7- 9 || total
-------------------------+-------+-------+-------++-------
Melee: Short sword       |    56 |       |       ||    56
       Club              |     3 |       |       ||     3
       Dagger            |    34 |   248 |    37 ||   319
Evoke: Wand              |     5 |     2 |     4 ||    11
  Use: Scroll            |       |     4 |       ||     4
 Stab: Sleeping          |     1 |     4 |       ||     5
       Distracted        |     1 |       |       ||     1
Armor: Leather armour    |    29 |    53 |    16 ||    98
Dodge: Dodged            |    55 |   130 |    11 ||   196
